 Dungeon Crawl Stone Soup version 0.30-a0-310-g7d6cbdfea6 (webtiles) character file.

Game seed: 16943051385534593839

1266 purpskrrrp the Chopper (level 8, 0/67 HPs)
             Began as a Gargoyle Fighter on Oct 24, 2022.
             Slain by a yak (7 damage)
             ... on level 6 of the Dungeon.
             The game lasted 00:13:08 (5422 turns).

purpskrrrp the Chopper (Gargoyle Fighter)           Turns: 5422, Time: 00:13:09

Health: 0/67       AC: 19    Str: 23    XL:     8   Next: 52%
Magic:  11/11      EV:  6    Int:  8    God:
Gold:   403        SH:  4    Dex:  9    Spells: 9/12 levels left

rFire   . . .      SeeInvis .    a - +0 war axe
rCold   . . .      Faith    .    c - +0 buckler
rNeg    + . .      Spirit   .    d - +0 plate armour
rPois   ∞          Reflect  .    u - +0 helmet
rElec   +          Harm     .    (no cloak)
rCorr   .          Rampage  .    (no gloves)
Will    .....      Clarity  +    (no boots)
Stlth   ..........               (no amulet)
HPRegen 0.31/turn                n - ring of wizardry
MPRegen 0.12/turn                (no ring)

@: mighty, berserking, very quick
A: sickness immunity, AC +5, negative energy resistance 1, electricity
resistance, torment resistance 1, petrification resistance, clarity, frail 1,
MP-powered wands
a: no special abilities


You were on level 6 of the Dungeon.
You visited 1 branch of the dungeon, and saw 6 of its levels.
You also visited: Ossuary.

You collected 403 gold pieces.

Inventory:

Hand Weapons
 a - a +0 war axe (weapon)
Armour
 b - a +0 scale mail
 c - a +0 buckler (worn)
 d - a +0 plate armour (worn)
 u - a +0 helmet (worn)
Jewellery
 n - a ring of wizardry (left hand)
Wands
 o - a wand of polymorph (5)
Scrolls
 f - a scroll of vulnerability
 g - 2 scrolls of identify
 k - a scroll of amnesia
Potions
 e - a potion of brilliance
 h - 3 potions of flight
 i - 7 potions of curing
 j - 6 potions of heal wounds
 l - 2 potions of haste
 m - a potion of degeneration
 q - a potion of magic
 s - 2 potions of resistance
 t - a potion of attraction


   Skills:
 + Level 5.8 Fighting
 * Level 6.0 Axes
 + Level 5.8 Armour
 - Level 3.3 Shields
 + Level 2.5 Spellcasting
 + Level 3.6 Earth Magic


You had 9 spell levels left.
You knew the following spells:

 Your Spells              Type           Power      Damage    Failure   Level
a - Stone Arrow           Conj/Erth      6%         3d7       98%         3

Your spell library contained the following spells:

 Spells                   Type           Power      Damage    Failure   Level
 Scorch                   Fire           2%         2d5       98%         2
 Call Canine Familiar     Summ           1%         N/A       100%        3
 Portal Projectile        Hex/Tloc       2%         N/A       100%        3
 Vhi's Electric Charge    Tloc/Air       2%         N/A       100%        3
 Animate Armour           Summ/Erth      6%         N/A       100%        4
 Flame Wave               Conj/Fire      1%         2d4       100%        4
 Leda's Liquefaction      Hex/Erth       1%         N/A       100%        4
 Arcjolt                  Conj/Air       0%         1d10      100%        5
 Summon Cactus Giant      Summ           0%         N/A       100%        6
 Lehudib's Crystal Spear  Conj/Erth      1%         10d2      100%        8
 Maxwell's Capacitive Co  Air            0%         ∞         100%        8


Dungeon Overview and Level Annotations

Branches:
Dungeon (6/15)            Ossuary (visited)
 Temple: D:4-7

Altars:

Annotations:
D:3 3 runed translucent doors, mandarbmax's ghost, amateur VSFi


Innate Abilities, Weirdness & Mutations

You are immune to sickness and miasma.
Your stone body is resilient. (AC +5)
You are immune to poison.
You resist negative energy. (rN+)
You are resistant to electric shocks. (rElec)
You are resistant to unholy torment.
You are immune to petrification.
You possess an exceptional clarity of mind.
You are frail. (-10% HP)
You expend magic power (3 MP) to strengthen your wands.


Message History

You are too injured to fight recklessly!
You are too injured to fight recklessly!
You are too injured to fight recklessly!
You are too injured to fight recklessly!
You are too injured to fight recklessly!
You are too injured to fight recklessly!
You are too injured to fight recklessly!
You are too injured to fight recklessly!
You are too injured to fight recklessly!
You are too injured to fight recklessly!
You feel very mighty all of a sudden. The yak gores you!
* * * LOW HITPOINT WARNING * * *
The yak gores you but does no damage.
A red film seems to cover your vision as you go berserk!
You feel yourself moving faster!
You feel mighty!
The yak gores you but does no damage. x2
You slash the yak!
The yak is heavily wounded.
You barely miss the yak. The yak gores you.
* * * LOW HITPOINT WARNING * * *
The yak gores you but does no damage.
You closely miss the yak.
The yak is heavily wounded.
You barely miss the yak. The yak barely misses you.
The yak gores you but does no damage.
You slash the yak!
The yak is severely wounded.
You hit the yak but do no damage. The yak gores you.
* * * LOW HITPOINT WARNING * * *
The yak gores you but does no damage.
You slash the yak!
The yak is almost dead.
You slash the yak! You barely miss the yak.
The yak is almost dead.
You slash the yak!
You kill the yak!
The yak gores you!
You die...

## .## ###..#
####.<#
#Y@...#
#...YYY####.#
#....## .#
.>.. ## ...
##


You could see 4 yaks.

Vanquished Creatures
  2 yaks (D:6)
  A steam dragon (D:5)
  An ogre (D:4)
  3 phantoms (D:5)
  A scorpion (D:5)
  A hound (D:5)
  4 jellies
  An orc priest (D:3)
  3 orc wizards
  An iguana (D:3)
  8 mummies (Ossuary)
  Robin (D:4)
  4 gnolls (D:2)
  8 adders
  A shadow imp (D:5)
  An ufetubus (D:4)
  A worm (D:3)
  A dart slug (D:3)
  14 orcs
  10 ball pythons
  8 endoplasms
  2 giant cockroaches
  A gnoll zombie (Ossuary)
  9 hobgoblins
  5 jackals
  5 quokkas
  7 bats
  4 frilled lizards
  13 goblins
  2 hobgoblin zombies (Ossuary)
  3 kobolds
  2 kobold zombies (Ossuary)
  3 orc zombies (Ossuary)
  5 rats
136 creatures vanquished.

Notes
Turn   | Place    | Note
-------+----------+-------------------------------------------
     0 | D:1      | purpskrrrp the Gargoyle Fighter began the quest for the
                  | Orb.
     0 | D:1      | Reached XP level 1. HP: 14/14 MP: 1/1
   327 | D:1      | Reached skill level 2 in Axes
   327 | D:1      | Reached XP level 2. HP: 19/19 MP: 2/2
   853 | D:1      | Reached XP level 3. HP: 23/23 MP: 3/3
  1383 | D:2      | Reached XP level 4. HP: 29/29 MP: 4/4
  1409 | D:2      | HP: 1/29 [gnoll/+0 halberd (1)]
  1414 | D:2      | Reached skill level 3 in Axes
  2258 | D:3      | Reached XP level 5. HP: 21/33 MP: 5/5
  2360 | D:3      | Found a runed translucent gate.
  2360 | D:3      | Found a runed translucent gate.
  2360 | D:3      | Found a runed translucent gate.
  2367 | D:3      | Noticed mandarbmax's ghost (amateur VSFi)
  2677 | D:3      | Reached skill level 4 in Axes
  2700 | D:3      | Reached XP level 6. HP: 20/39 MP: 6/6
  3136 | D:3      | Learned a level 3 spell: Stone Arrow
  3213 | D:4      | Reached skill level 1 in Earth Magic
  3359 | D:4      | Noticed Robin
  3374 | D:4      | Killed Robin
  3375 | D:4      | Reached XP level 7. HP: 33/44 MP: 8/8
  3440 | D:4      | Reached skill level 1 in Spellcasting
  3563 | D:4      | Reached skill level 5 in Fighting
  3663 | D:4      | Found a sand-covered staircase.
  3719 | Ossuary  | Entered an ossuary
  3732 | Ossuary  | Reached skill level 5 in Armour
  4331 | D:4      | Gained mutation: You expend magic power (3 MP) to
                  | strengthen your wands. [potion of mutation]
  4331 | D:4      | Gained mutation: You are frail. (-10% HP) [potion of
                  | mutation]
  4331 | D:4      | Gained mutation: You possess an exceptional clarity of
                  | mind. [potion of mutation]
  4345 | D:5      | Entered Level 5 of the Dungeon
  4561 | D:5      | Reached skill level 5 in Axes
  4709 | D:5      | Noticed a steam dragon
  4721 | D:5      | Killed a steam dragon
  4733 | D:5      | Reached XP level 8. HP: 28/45 MP: 10/10
  5399 | D:6      | Noticed a yak
  5400 | D:6      | Noticed a yak
  5400 | D:6      | Noticed a yak
  5401 | D:6      | Noticed a yak
  5401 | D:6      | Noticed a yak
  5401 | D:6      | Noticed a yak
  5409 | D:6      | Killed a yak
  5410 | D:6      | Reached skill level 6 in Axes
  5422 | D:6      | Killed a yak
  5422 | D:6      | Slain by a yak

Illustrated notes

Levels and vault maps discovered:
D:1:      evilmike_arrival_plus, layout_loops_corners, minmay_tripent
D:2:      layout_basic
D:3:      layout_loops_ring, ebering_ghost_rock_garden
D:4:      layout_basic, nicolae_ossuary_entry_false_entrances,
          supply_closet_lemuel, minmay_fractal_squares_5, uniq_robin
D:5:      layout_loops_ring
D:6:      layout_layer_cave, temple_hall_moat, portal_sewer_entry_b,
          minmay_fractal_squares_diagonal_5

Skill      XL: |  1  2  3  4  5  6  7  8 |
---------------+-------------------------+-----
Axes           | 2 3 4 5 6 |  6.0
Fighting       | 4 5 |  5.8
Armour         | 4 5 |  5.8
Earth Magic    | 1 2 3 |  3.6
Spellcasting   | 1 2 |  2.5
Shields        | |  3.3

Action                   |  1- 3 |  4- 6 |  7- 9 || total
-------------------------+-------+-------+-------++-------
Melee: War axe           |   111 |   188 |   141 ||   440
Throw: Javelin           |    27 |     6 |       ||    33
       Throwing net      |       |     1 |       ||     1
  Use: Scroll            |     3 |     5 |     7 ||    15
       Potion            |       |     1 |     6 ||     7
Armor: Scale mail        |    67 |   105 |    67 ||   239
       Plate armour      |       |       |    22 ||    22
Dodge: Dodged            |    61 |   105 |    53 ||   219
Block: Buckler           |    23 |    40 |    23 ||    86

Table legend: (Time is in decaauts)
 A = Elapsed time spent in this place.
 B = Non-inter-level travel time spent in this place.
 C = Inter-level travel time spent in this place.
 D = Time resting spent in this place.
 E = Time spent auto-exploring this place.
 F = Levels seen in this place.
 G = Mean time per level.
                   A        B        C        D        E       F      G
               +--------+--------+--------+--------+--------+-----+--------+
         Total |   5575 |   5263 |    312 |    464 |   3578 |   7 |  796.4 |
       Dungeon |   5242 |   4930 |    312 |    345 |   3474 |   6 |  873.7 |
       Ossuary |    333 |    333 |      0 |    119 |    104 |   1 |  333.0 |
               +--------+--------+--------+--------+--------+-----+--------+

Top non-repeatable levels by time:
     D:2: 1319 daAuts
     D:5: 1012 daAuts
     D:1: 1011 daAuts
     D:4: 940 daAuts
     D:3: 933 daAuts
 Ossuary: 333 daAuts
     D:6: 25 daAuts
